Map: Deathaura LE

Players

Maru - Winner!

  • Race: Terran Terran
  • Spawn Location: 5:00

Reynor

  • Race: Zerg Zerg
  • Spawn Location: 11:00

Event: IEM Katowice 2021

VOD

https://www.youtube.com/watch?v=bvI_ZxFl5Ps&t=2709s

Description

Time

  • Played on: Feb. 28, 2021, 8:57 a.m.
  • Length: 30:10

All games in this series

Show
View Real Time Build Order
Export as new Build Order

Maru Terran - Winner!

Build Orders: Reaper Expand 

Get SALT Encoding   

  12  0:00  SCV  
  13  0:12  SCV  
  14  0:16  Supply Depot  
  14  0:24  SCV  
  15  0:38  SCV  
  15  0:40  Barracks  
  16  0:45  Refinery  
  16  0:50  SCV  
  17  1:02  SCV  
  18  1:14  SCV  
  19  1:27  Reaper, Orbital Command  
  20  1:40  Command Center  
  20  1:49  Supply Depot  
  20  1:53  SCV  
  21  1:59  Marine  
  22  2:05  SCV  
  22  2:06  Factory  
  23  2:17  SCV  
  23  2:22  Barracks Reactor  
  24  2:29  SCV  
  25  2:43  SCV  
  25  2:44  Command Center  
  26  2:51  Orbital Command  
  26  2:55  SCV  
  27  2:59  Starport  
  27  3:07  SCV  
  27  3:10  Refinery  
  28  3:13  Hellion  
  28  3:15  Hellion  
  28  3:19  SCV x2  
  34  3:28  Barracks Tech Lab  
  34  3:31  SCV x2  
  36  3:35  Viking  
  36  3:39  Hellion x2  
  42  3:43  SCV x2  
  42  3:47  Supply Depot  
  44  3:55  SCV x2  
  46  3:57  Orbital Command  
  46  4:02  Hellion  
  50  4:03  Hellion  
  50  4:07  SCV  
  50  4:08  Liberator  
  54  4:12  SCV  
  55  4:19  SCV  
  55  4:21  Marine  
  55  4:22  Supply Depot  
  55  4:24  SCV x2  
  59  4:26  Hellion x2  
  59  4:29  Refinery  
  63  4:31  SCV  
  63  4:36  SCV x2  
  63  4:38  Stimpack  
  66  4:39  Marine  
  66  4:44  SCV  
  68  4:45  Supply Depot  
  68  4:46  Supply Depot  
  68  4:52  Barracks, Orbital Command  
  68  4:54  Barracks  
  68  4:55  Starport Reactor, Factory Reactor  
  68  4:57  SCV, Marine  
  68  4:58  SCV  
  71  5:02  Refinery  
  71  5:04  Engineering Bay x2  
  71  5:09  SCV  
  71  5:10  SCV  
  73  5:14  Marine  
  73  5:20  Barracks x2  
  73  5:21  SCV  
  75  5:24  SCV x2  
  77  5:32  Marine  
  77  5:33  SCV  
  76  5:36  SCV  
  76  5:37  Terran Infantry Weapons Level 1, Terran Infantry Armor Level 1  
  76  5:38  Factory Reactor  
  76  5:40  SCV  
  76  5:45  SCV  
  76  5:46  Medivac x2, Marine x2  
  76  5:48  SCV  
  84  5:52  SCV  
  84  5:53  Marine  
  84  5:54  Supply Depot  
  86  5:58  SCV  
  86  6:00  Marine x2  
  86  6:01  SCV  
  90  6:04  SCV  
  90  6:09  Barracks Reactor x2  
  90  6:10  SCV  
  92  6:13  SCV  
  92  6:14  Supply Depot  
  92  6:16  SCV  
  92  6:17  Medivac  
  92  6:18  Medivac, Supply Depot, Combat Shield, Missile Turret  
  98  6:20  Marine  
  98  6:21  Marine  
  98  6:22  SCV  
  98  6:25  SCV  
  101  6:31  Refinery x2  
  101  6:35  SCV, Widow Mine x2, Armory  
  106  6:41  SCV x2, Supply Depot x2  
  106  6:45  Marine x5  
  106  6:46  Marine x3  
  116  6:47  SCV  
  117  6:56  Command Center  
  117  7:02  Marine  
  117  7:03  SCV x2  
  117  7:06  Medivac x2, Widow Mine x2  
  128  7:15  Factory, Supply Depot  
  128  7:17  Supply Depot  
  128  7:22  Marine  
  129  7:25  Marine  
  129  7:27  Supply Depot  
  130  7:31  Marine x3  
  130  7:36  Marine x2  
  139  7:37  Widow Mine x2  
  139  7:38  Medivac x2  
  139  7:39  Terran Infantry Armor Level 2, Terran Infantry Weapons Level 2  
  140  7:47  Marine x3  
  140  7:48  Marauder  
  145  7:55  SCV x3  
  152  7:58  Widow Mine x2  
  152  8:01  Factory Tech Lab  
  152  8:03  Barracks  
  152  8:04  Barracks, Marine x3  
  152  8:05  Barracks, Marine x2  
  153  8:08  Medivac  
  155  8:17  Marine x3  
  155  8:18  Marauder  
  160  8:20  Terran Vehicle Weapons Level 1  
  160  8:21  Drilling Claws, Widow Mine  
  160  8:22  Supply Depot  
  160  8:24  SCV x3, Supply Depot  
  158  8:34  Widow Mine x2  
  158  8:36  SCV x3  
  158  8:37  Planetary Fortress  
  158  8:38  Medivac x2  
  167  8:42  Thor  
  167  8:47  Missile Turret x2  
  167  8:48  Missile Turret  
  163  8:51  Missile Turret  
  163  8:53  Missile Turret  
  163  8:54  Missile Turret  
  163  9:00  SCV x3  
  166  9:09  Barracks Tech Lab x2  
  166  9:10  Barracks Tech Lab  
  166  9:14  Missile Turret x2  
  166  9:15  Marine, Missile Turret  
  166  9:16  Marauder, Marine  
  170  9:17  SCV  
  170  9:20  SCV x2  
  173  9:28  Supply Depot  
  173  9:29  Supply Depot  
  173  9:30  Supply Depot  
  170  9:37  Concussive Shells  
  163  9:48  Supply Depot x3  
  163  9:49  Marine  
  163  9:50  Thor, Supply Depot, Marine x2  
  163  9:51  Marine  
  163  9:52  SCV, Marauder, Widow Mine x2  
  180  9:58  Terran Infantry Weapons Level 3, Terran Infantry Armor Level 3  
  180  10:09  Marine x6  
  180  10:10  Marauder x3  
  180  10:13  Marauder, Command Center  
  181  10:21  Marine  
  181  10:22  Marine  
  181  10:26  Medivac x2  
  181  10:27  Marine  
  181  10:28  Marine x3  
  189  10:29  Marine  
  189  10:31  Marauder x3, Widow Mine  
  189  10:35  Marauder  
  198  10:44  Marine  
  198  10:46  Terran Vehicle Weapons Level 2  
  197  10:50  Marine  
  197  10:53  Marauder x3  
  200  11:02  Marauder, Marine x2  
  192  11:09  Marine  
  193  11:14  Marauder x2  
  197  11:24  Marine  
  197  11:25  Marauder  
  200  11:27  Command Center x2  
  200  11:33  Marauder  
  200  11:39  Widow Mine  
  184  11:52  Marauder  
  184  11:54  Factory x2  
  180  11:56  Widow Mine, Siege Tank  
  180  12:01  Widow Mine  
  185  12:03  Marine  
  185  12:04  Marauder x2  
  178  12:17  Widow Mine  
  178  12:18  Marauder x2, Marine  
  178  12:22  Widow Mine  
  185  12:23  Viking  
  185  12:24  Viking  
  185  12:25  Marauder  
  185  12:27  Ghost Academy  
  185  12:28  Siege Tank  
  191  12:39  Widow Mine  
  191  12:43  Widow Mine  
  194  12:44  Planetary Fortress  
  194  12:45  Refinery, Orbital Command  
  194  12:46  Refinery  
  194  12:49  Factory Tech Lab x2  
  185  13:00  Siege Tank, Ghost  
  185  13:01  Ghost x3  
  185  13:02  Viking x2  
  185  13:04  SCV x2  
  200  13:11  Command Center  
  198  13:19  Planetary Fortress  
  194  13:34  Viking x2  
  194  13:40  Orbital Command  
  186  13:54  Ghost x4  
  186  13:55  Marine  
  175  13:57  SCV x3  
  175  13:58  Siege Tank x2  
  175  13:59  Siege Tank  
  185  14:04  Sensor Tower  
  185  14:10  Terran Vehicle Weapons Level 3  
  185  14:11  SCV x3  
  185  14:13  SCV  
  189  14:22  Ghost  
  189  14:23  SCV x2, Viking x2  
  189  14:24  SCV  
  198  14:28  SCV x2  
  200  14:38  Refinery  
  200  14:39  Refinery  
  200  14:54  Missile Turret  
  177  15:15  Viking x2  
  181  15:24  Ghost  
  181  15:25  Marine x2, Ghost x3  
  181  15:26  Personal Cloaking  
  181  15:27  Marine  
  190  15:38  Siege Tank x3  
  190  15:39  Command Center  
  199  15:51  Missile Turret  
  199  15:52  Missile Turret  
  199  15:59  Missile Turret x2  
  199  16:02  Marine  
  200  16:14  Sensor Tower, Armory  
  200  16:35  Orbital Command  
  200  16:36  Command Center x2  
  200  16:37  Siege Tank x2  
  194  16:43  Siege Tank  
  176  16:48  Terran Vehicle And Ship Armor Level 1  
  176  16:51  Nuke  
  169  17:03  Missile Turret  
  169  17:07  Command Center  
  169  17:08  Sensor Tower  
  169  17:09  Siege Tank x2  
  169  17:10  Terran Ship Weapons Level 1  
  169  17:15  Siege Tank  
  178  17:20  Widow Mine x2, Marine x4, Marauder x4  
  194  17:27  Sensor Tower  
  194  17:29  Marine x2  
  194  17:41  Marauder  
  194  17:42  Marauder x2  
  194  17:43  Factory Tech Lab  
  198  17:51  Enhanced Shockwaves  
  178  17:59  Siege Tank x2  
  178  18:03  Marauder  
  173  18:11  Ghost x3  
  179  18:15  Missile Turret  
  179  18:19  SCV x2  
  182  18:20  SCV x2  
  182  18:23  Ghost  
  185  18:31  SCV  
  185  18:33  Widow Mine x2  
  188  18:39  Siege Tank  
  191  18:42  Planetary Fortress  
  191  18:46  Planetary Fortress  
  191  18:50  Siege Tank x2  
  163  19:11  SCV x4  
  158  19:18  Liberator  
  158  19:23  SCV x4  
  165  19:26  Siege Tank x3  
  165  19:28  SCV  
  175  19:35  SCV x3  
  175  19:37  Liberator  
  181  19:40  Marauder  
  183  19:47  Planetary Fortress  
  186  20:01  Viking  
  173  20:09  Ghost x2  
  173  20:12  Siege Tank  
  153  20:23  Liberator  
  156  20:29  SCV x2  
  156  20:31  Unknown  
  156  20:33  SCV, Factory  
  156  20:34  Factory  
  156  20:35  SCV x3  
  161  20:41  SCV x2  
  164  20:44  Siege Tank  
  164  20:45  SCV  
  164  20:46  Widow Mine x2  
  172  20:57  SCV  
  172  21:01  Terran Vehicle And Ship Armor Level 2  
  172  21:03  Command Center  
  173  21:09  SCV  
  174  21:15  SCV  
  174  21:16  Siege Tank  
  174  21:18  Sensor Tower  
  178  21:19  Factory Tech Lab x2  
  178  21:21  SCV  
  130  21:44  Siege Tank x2  
  134  21:48  Siege Tank  
  134  21:49  SCV x2  
  134  21:50  SCV x4  
  143  22:00  Marauder x2, Marine x2  
  149  22:01  SCV x2  
  149  22:02  Marine  
  152  22:09  SCV  
  152  22:14  Widow Mine  
  152  22:15  Widow Mine, Marauder  
  159  22:16  Marauder, Sensor Tower  
  170  22:27  Missile Turret  
  170  22:29  Marine x3  
  176  22:40  Viking x2  
  176  22:41  Thor x2  
  180  22:49  Thor  
  181  23:10  Viking x2  
  163  23:24  Thor  
  169  23:47  Viking x2  
  173  24:01  Ghost x4  
  180  24:20  Viking x2  
  181  24:30  Planetary Fortress  
  175  24:40  Ghost  
  175  24:41  Ghost  
  179  24:52  Thor  
  172  25:16  Siege Tank x2  
  178  25:35  Thor, Viking  
  174  25:47  Thor  
  180  26:01  Thor, Viking  
  188  26:05  Viking  
  188  26:23  Thor  
  192  26:36  Orbital Command  
  192  26:50  SCV x4  
  196  26:54  Marauder, Marine x2  
  200  27:06  Orbital Command  
  200  27:12  SCV  
  188  27:29  Thor  
  194  27:46  Liberator  
  195  28:28  Orbital Command  
  195  28:42  Marine x2, Refinery  
  195  28:43  Marauder, Refinery  
  195  28:44  Missile Turret  
  199  28:51  Missile Turret x2  
  199  29:15  Medivac x2  
  171  29:40  Ghost x3  
Show
View Real Time Build Order
Export as new Build Order

Reynor Zerg 

Build Orders: Hatch First, Lurkers, Muta Ling Bane 

Get SALT Encoding   

  12  0:00  Drone  
  13  0:12  Overlord  
  13  0:17  Drone  
  14  0:30  Drone x2  
  16  0:48  Hatchery  
  15  0:51  Drone  
  15  0:56  Drone  
  17  0:58  Drone  
  18  1:13  Extractor  
  18  1:15  Spawning Pool  
  18  1:18  Drone  
  17  1:21  Drone  
  18  1:28  Drone  
  19  1:39  Drone  
  20  1:52  Overlord  
  20  2:01  Queen x2  
  20  2:02  Zergling x4  
  26  2:10  Drone  
  26  2:11  Drone  
  28  2:21  Drone x2  
  30  2:22  Metabolic Boost  
  30  2:34  Drone x2  
  32  2:37  Queen  
  32  2:43  Overlord  
  34  2:45  Drone  
  35  2:53  Drone  
  36  3:00  Pneumatized Carapace  
  36  3:02  Drone  
  37  3:13  Hatchery, Drone x4  
  37  3:19  Overlord  
  40  3:22  Queen  
  40  3:25  Drone  
  43  3:27  Drone  
  44  3:38  Drone x2  
  44  3:40  Overlord  
  46  3:49  Queen  
  46  3:50  Drone x4  
  46  3:54  Overlord  
  52  3:58  Drone  
  52  3:59  Drone x2  
  52  4:01  Queen  
  57  4:03  Overlord  
  57  4:10  Overlord  
  57  4:12  Drone  
  58  4:21  Overlord  
  58  4:23  Drone  
  59  4:26  Queen  
  59  4:28  Drone  
  62  4:32  Queen  
  62  4:33  Hatchery  
  62  4:34  Drone  
  62  4:38  Zergling x6  
  66  4:39  Zergling x2  
  66  4:44  Drone  
  69  4:47  Zergling x4, Queen  
  73  4:54  Spore Crawler  
  73  4:56  Spore Crawler  
  73  4:58  Drone  
  73  4:59  Spore Crawler  
  71  5:00  Drone  
  71  5:02  Queen  
  71  5:05  Drone x3  
  71  5:06  Drone  
  78  5:07  Extractor  
  78  5:10  Drone  
  78  5:11  Drone  
  78  5:12  Evolution Chamber  
  78  5:13  Evolution Chamber  
  77  5:17  Drone  
  77  5:18  Drone x3  
  77  5:19  Drone  
  82  5:25  Overlord  
  82  5:28  Overlord  
  82  5:34  Overlord  
  82  5:39  Zerg Ground Armor Level 1, Zerg Melee Weapons Level 1  
  82  5:41  Overlord  
  82  5:44  Lair  
  82  5:46  Overlord  
  82  5:47  Drone x5  
  87  5:51  Drone x2  
  87  5:57  Drone  
  90  6:00  Baneling Nest, Drone  
  90  6:01  Extractor  
  90  6:02  Drone  
  90  6:04  Drone x2  
  90  6:09  Drone x5  
  97  6:12  Extractor, Drone x3  
  97  6:13  Extractor  
  97  6:15  Drone x2  
  97  6:17  Drone x3  
  103  6:20  Zergling x4  
  103  6:25  Zergling x2  
  106  6:26  Zergling x2  
  106  6:28  Zergling x4  
  109  6:37  Overlord, Spore Crawler  
  109  6:38  Zergling x4  
  109  6:39  Zergling x4  
  112  6:40  Drone x2  
  112  6:41  Zergling x2, Hatchery  
  112  6:42  Zergling x4  
  112  6:45  Drone  
  112  6:46  Drone x2, Spire  
  118  6:48  Extractor  
  118  6:51  Drone x5  
  122  6:54  Overlord  
  122  6:57  Zergling x2  
  122  6:59  Drone, Centrifical Hooks  
  122  7:00  Drone  
  124  7:03  Extractor  
  124  7:04  Zergling x2, Extractor  
  124  7:08  Drone  
  124  7:09  Drone x2  
  124  7:11  Drone x2  
  124  7:13  Zergling x2  
  124  7:14  Zergling x18  
  138  7:17  Overlord  
  138  7:23  Drone x2  
  138  7:24  Drone  
  138  7:27  Overlord  
  141  7:32  Zergling x2  
  141  7:35  Zergling x2  
  141  7:36  Overseer, Baneling x6  
  143  7:38  Overlord  
  143  7:39  Spore Crawler  
  143  7:43  Zergling x14  
  147  7:44  Hatchery, Overlord  
  146  7:55  Drone x2  
  146  7:58  Spore Crawler x2  
  147  8:00  Mutalisk x8  
  147  8:04  Zerg Melee Weapons Level 2  
  162  8:06  Zerg Ground Armor Level 2  
  162  8:09  Zergling x6  
  165  8:15  Baneling x7  
  165  8:16  Zergling x16  
  165  8:19  Zerg Flyer Weapons Level 1  
  173  8:23  Overlord  
  173  8:25  Drone x2  
  175  8:29  Baneling x5  
  175  8:33  Zergling x4  
  173  8:36  Drone x3  
  173  8:37  Overlord  
  176  8:42  Infestation Pit  
  175  8:48  Drone x2  
  175  8:49  Mutalisk x2, Drone x2  
  175  8:51  Extractor x2  
  175  8:52  Overlord  
  175  8:53  Baneling x7  
  181  8:57  Zergling x12  
  181  9:00  Zergling x2  
  188  9:07  Drone x3  
  188  9:08  Spore Crawler  
  188  9:09  Spine Crawler  
  189  9:10  Overlord  
  189  9:11  Drone x3  
  189  9:12  Zergling x8  
  196  9:17  Overlord  
  196  9:18  Mutalisk  
  196  9:19  Mutalisk  
  196  9:26  Zergling x8  
  197  9:37  Drone x5  
  189  9:41  Hive  
  189  9:43  Drone  
  189  9:44  Hydralisk Den  
  189  9:45  Zergling x22  
  200  9:47  Baneling x14  
  200  9:52  Overseer  
  200  10:05  Hatchery  
  200  10:06  Hatchery  
  192  10:23  Zerg Missile Weapons Level 1  
  192  10:26  Lurker Den  
  192  10:27  Lurker Den, Baneling  
  192  10:28  Baneling x11  
  190  10:33  Spore Crawler  
  190  10:34  Spore Crawler  
  188  10:37  Baneling x10  
  188  10:41  Drone  
  184  10:55  Hydralisk x8  
  184  10:56  Zergling x2  
  199  11:03  Zergling x2  
  199  11:04  Zergling x42  
  196  11:14  Overlord  
  196  11:16  Overseer  
  196  11:18  Baneling x9  
  196  11:29  Lurker x3  
  199  11:34  Baneling x7  
  199  11:35  Baneling x2  
  180  11:40  Zergling x12, Lurker x4  
  180  11:41  Zergling x24  
  180  11:43  Hydralisk  
  180  11:44  Zergling x6  
  180  11:47  Hydralisk, Zergling x16  
  185  11:48  Zergling x2  
  185  11:49  Zerg Ground Armor Level 3, Seismic Spines, Adaptive Talons  
  189  11:56  Zergling x2  
  189  11:57  Zergling x6  
  189  11:59  Lurker  
  194  12:06  Hydralisk, Zergling x14  
  192  12:08  Hydralisk  
  192  12:10  Hydralisk  
  192  12:14  Hydralisk  
  187  12:19  Hydralisk, Zergling x2  
  187  12:20  Zergling x2  
  187  12:21  Baneling  
  187  12:22  Baneling x13  
  191  12:23  Adrenal Glands  
  191  12:24  Zergling x4  
  191  12:25  Zerg Melee Weapons Level 3  
  191  12:28  Zergling x2  
  194  12:33  Zergling x8  
  194  12:37  Hatchery  
  192  12:38  Zergling x8  
  192  12:39  Zergling x2  
  195  12:47  Hydralisk, Zergling x10  
  195  12:51  Hydralisk, Zergling x8  
  190  12:52  Zergling x4  
  190  12:55  Hydralisk  
  190  12:56  Hydralisk  
  190  12:57  Zergling x2  
  183  13:00  Zergling x4  
  183  13:03  Zergling x8  
  189  13:08  Hydralisk, Zergling x2  
  189  13:09  Zergling x2, Lurker  
  189  13:10  Lurker x4  
  196  13:14  Zergling x8  
  196  13:19  Hatchery  
  199  13:32  Viper x3  
  198  13:35  Zergling x10  
  198  13:37  Baneling x7  
  198  13:44  Hydralisk, Overlord  
  198  13:45  Zergling x30  
  198  13:47  Hydralisk  
  196  13:49  Hydralisk  
  196  13:51  Hydralisk  
  196  13:55  Hydralisk  
  165  13:58  Hydralisk, Zergling x2  
  170  14:03  Hydralisk x2  
  170  14:04  Zergling x6  
  170  14:08  Hydralisk x2  
  181  14:11  Lurker x3  
  181  14:14  Hydralisk, Drone x3  
  181  14:15  Drone  
  181  14:16  Lurker  
  181  14:17  Hydralisk x3, Lurker x2, Baneling x11  
  193  14:18  Zergling x2  
  193  14:20  Hatchery  
  193  14:21  Baneling x2  
  193  14:22  Baneling x3  
  199  14:26  Baneling x8  
  199  14:28  Drone, Baneling x2  
  193  14:40  Zergling x20  
  193  14:43  Lurker  
  200  14:46  Zergling x2  
  200  14:47  Zergling x4  
  199  14:56  Overseer  
  199  14:57  Nydus Network  
  187  15:10  Hydralisk  
  187  15:11  Hydralisk  
  187  15:12  Zergling x24  
  187  15:14  Hydralisk, Zergling x2  
  176  15:15  Zergling x16  
  176  15:19  Viper x3  
  182  15:24  Zergling x4  
  182  15:26  Zergling x8  
  182  15:27  Hydralisk  
  186  15:29  Zerg Missile Weapons Level 2  
  186  15:31  Zergling x4  
  186  15:33  Zergling x2  
  186  15:34  Lurker x4  
  192  15:36  Drone x5  
  192  15:37  Drone  
  192  15:38  Zergling x2  
  192  15:41  Overseer x2  
  195  15:43  Lurker x3  
  195  15:44  Drone, Baneling x9  
  199  15:50  Extractor, Drone  
  199  15:51  Baneling x2  
  199  15:52  Baneling x4  
  199  15:59  Baneling x5  
  199  16:03  Unknown x2  
  197  16:10  Zergling x4  
  199  16:11  Baneling x10  
  199  16:15  Baneling x5  
  185  16:40  Hydralisk x2, Zergling x2  
  185  16:41  Zergling x24  
  185  16:43  Overlord  
  185  16:45  Hydralisk  
  185  16:46  Zergling x8  
  192  16:47  Zergling x6  
  192  16:48  Zergling x4  
  192  16:50  Overlord  
  194  16:58  Overlord  
  194  17:01  Baneling x17  
  194  17:03  Zergling x12  
  194  17:05  Overseer x6  
  200  17:13  Baneling x10  
  200  17:15  Baneling  
  200  17:16  Baneling x8  
  200  17:21  Overseer  
  200  17:35  Extractor  
  199  17:41  Spore Crawler  
  199  17:42  Spine Crawler  
  199  17:43  Spine Crawler x2  
  199  17:44  Spine Crawler  
  194  17:46  Zergling x12, Spine Crawler  
  161  17:59  Hydralisk  
  161  18:00  Zergling x38  
  161  18:01  Hydralisk x2  
  161  18:02  Zergling x24  
  180  18:06  Hydralisk  
  180  18:10  Hydralisk  
  180  18:12  Hydralisk, Zergling x2  
  181  18:13  Zergling x4  
  181  18:14  Zergling x2  
  181  18:17  Zergling x10  
  189  18:21  Hydralisk x2, Zerg Missile Weapons Level 3  
  189  18:22  Hydralisk  
  189  18:24  Drone x3  
  198  18:30  Zergling x2  
  198  18:31  Zergling x2  
  198  18:43  Overseer  
  198  18:44  Lurker x2  
  200  18:58  Hatchery, Greater Spire  
  185  19:04  Zergling x36  
  178  19:10  Hydralisk, Zergling x2  
  178  19:11  Zergling x24  
  178  19:16  Hydralisk  
  183  19:17  Zergling x10  
  183  19:18  Zergling x6  
  183  19:23  Zergling x4  
  183  19:24  Zergling x4  
  194  19:28  Lurker  
  194  19:29  Lurker x3  
  194  19:30  Drone  
  199  19:42  Zergling x2  
  199  19:57  Zergling x10  
  199  20:04  Hydralisk  
  199  20:05  Zergling x8  
  183  20:09  Hydralisk, Zergling x20  
  183  20:10  Zergling x18  
  183  20:12  Overlord  
  183  20:14  Viper x3  
  172  20:17  Hydralisk  
  173  20:22  Overlord x4  
  173  20:24  Overlord  
  173  20:33  Overlord  
  173  20:42  Overseer x3  
  173  20:44  Corruptor x13  
  199  20:56  Infestor x2  
  200  21:03  Extractor  
  199  21:04  Spore Crawler  
  199  21:05  Extractor, Spore Crawler  
  199  21:06  Spore Crawler  
  199  21:09  Infestor x2  
  199  21:17  Spine Crawler  
  199  21:18  Spine Crawler, Zerg Flyer Weapons Level 2  
  197  21:31  Hatchery  
  175  21:35  Hydralisk x11, Zergling x2  
  175  21:36  Zergling x32  
  187  21:40  Overlord  
  183  21:51  Brood Lord x7  
  194  21:59  Infestor x3  
  200  22:06  Spore Crawler x3  
  197  22:16  Corruptor  
  197  22:21  Overseer x2  
  199  22:23  Overseer  
  199  22:56  Spore Crawler  
  199  22:57  Spore Crawler x2  
  199  22:58  Spore Crawler  
  195  23:00  Spore Crawler x2  
  195  23:01  Nydus Canal  
  193  23:08  Zergling x2  
  193  23:10  Overlord  
  193  23:11  Hatchery  
  193  23:15  Hydralisk  
  193  23:16  Zergling x24  
  193  23:19  Infestor  
  186  23:21  Overlord  
  168  23:28  Brood Lord x3  
  168  23:31  Zergling x8  
  168  23:32  Zergling x8  
  168  23:33  Lurker x2  
  168  23:34  Overlord  
  168  23:38  Corruptor x5  
  168  23:39  Corruptor  
  168  23:40  Brood Lord x3  
  166  23:57  Corruptor x4  
  166  24:01  Overseer  
  173  24:08  Lurker x2  
  173  24:31  Viper x4  
  182  24:57  Zergling x8  
  182  24:58  Zergling x6  
  172  25:33  Hatchery  
  170  25:39  Drone  
  170  25:40  Drone x2  
  170  25:41  Corruptor x2  
  165  26:30  Corruptor x4  
  165  26:31  Corruptor x2  
  176  26:53  Overseer x2  
  176  26:55  Hatchery  
  176  26:56  Burrow  
  176  27:00  Brood Lord  
  177  27:13  Neural Parasite  
  177  27:28  Infestor x2  
  175  27:45  Infestor  
  175  27:46  Infestor  
  177  27:52  Unknown  
  177  27:56  Unknown  
  175  28:18  Spore Crawler  
  175  28:19  Spore Crawler  
  173  28:21  Spore Crawler  
  173  28:26  Corruptor x4  
  180  29:21  Corruptor x6  
  180  29:23  Overlord  
  152  29:39  Corruptor  
  121  29:45  Zergling x18  
  121  29:46  Zergling x16  

Tags
 
Add a new tag
Caveats
  • Supply blocks, unpowered buildings, or Contaminate may cause inaccurate times.
  • Supply counts are checked every 10 seconds.